 Dungeon Crawl Stone Soup version 0.17-a0-2122-g03d97ec (webtiles) character file.

65531 M4edhros the Green Death (level 15, -2/90 HPs)
             Began as an Octopode Artificer on Oct 21, 2015.
             Was a High Priest of Fedhas.
             Slain by an eight-headed hydra (11 damage)
             ... on level 7 of the Lair of Beasts.
             The game lasted 01:28:21 (26355 turns).

M4edhros the Green Death (Octopode Artificer)      Turns: 26355, Time: 01:28:21

Health: -2/90      AC:  1    Str: 14    XL:     15   Next: 16%
Magic:  25/25      EV: 17    Int: 23    God:    Fedhas [*****.]
Gold:   1323       SH: 14    Dex: 32    Spells: 1 memorised, 17 levels left

rFire  + . .     SeeInvis .     W - +6 hunting sling of Fear {velocity, Int+4 Dex+5}
rCold  + . .     Clarity  .     u - +0 shield
rNeg   . . .     SustAt   .     (helmet restricted)
rPois  +         Gourm    +     f - amulet of the gourmand
rElec  .         Spirit   .     c - +5 ring of intelligence
rCorr  .         Warding  .     x - ring of poison resistance
rMut   .         Stasis   .     B - ring of wizardry
MR     ++...                    r - ring of protection from cold
Stlth  ++++++++..               n - ring of stealth
                                Y - ring of protection from magic
                                A - ring of Othrat {Wiz Dex+7 Stlth-}
                                s - +2 ring of dexterity

@: very resistant to hostile enchantments, extraordinarily stealthy
A: almost no armour, amphibious, 8 rings, constrict 8, camouflage 1, breathe
flames 1, fire resistance 1, strong 1, gelatinous body 1, subdued magic 1
a: Evolution, Sunlight, Growth, Reproduction, Rain, Renounce Religion, Breathe
Fire


You were on level 7 of the Lair of Beasts.
You worshipped Fedhas.
Fedhas was extremely pleased with you.
You were hungry.

You visited 4 branches of the dungeon, and saw 24 of its levels.
You also visited: Volcano.

You collected 2793 gold pieces.
You spent 1470 gold pieces at shops.

Inventory:

Hand Weapons
 g - the +1 greatsling "Icresh" {freeze, +Inv rElec rF+++ Str-4}
   (You bought it in a shop on level 4 of the Orcish Mines)

   It causes projectiles fired from it to freeze those they strike, causing
   extra injury to most foes and up to half again as much damage against
   particularly susceptible opponents.
   They can also slow down cold-blooded creatures.
   It affects your strength (-4).
   It renders you almost immune to fire.
   It insulates you from electricity.
   It lets you turn invisible.
 v - a +2 short sword of electrocution
 W - the +6 hunting sling of Fear (weapon) {velocity, Int+4 Dex+5}
   (You found it on level 2 of the Lair of Beasts)

   Any stone fired from it inflicts extra damage.
   It affects your intelligence (+4).
   It affects your dexterity (+5).
Missiles
 z - 352 stones
 E - 66 sling bullets (quivered)
Armour
 u - a +0 shield (worn)
Jewellery
 c - a +5 ring of intelligence (left tentacle)
 f - an amulet of the gourmand (around mantle)
 n - a ring of stealth (on tentacle)
 o - an uncursed ring of fire
 r - a ring of protection from cold (on tentacle)
 s - a +2 ring of dexterity (on tentacle)
 x - a ring of poison resistance (right tentacle)
 A - the ring of Othrat (on tentacle) {Wiz Dex+7 Stlth-}
   (You bought it in a shop on level 4 of the Orcish Mines)

   [ring of wizardry]

   It improves your spell success rate.
   It affects your dexterity (+7).
   It makes you less stealthy.
 B - a ring of wizardry (on tentacle)
 Y - a ring of protection from magic (on tentacle)
Wands
 b - a wand of flame (5)
 d - a wand of random effects (6)
 l - a wand of flame (19)
 t - a wand of teleportation (3)
 G - a wand of paralysis (7)
 P - a wand of slowing (5)
 R - a wand of fireball (11)
 Z - a wand of draining (1)
Scrolls
 j - 7 scrolls of magic mapping
 m - 2 scrolls of blinking
 p - a scroll of torment {unknown}
 w - 6 scrolls of fog
 y - a scroll of amnesia
 C - a scroll of silence {unknown}
 M - a scroll of teleportation
 N - a scroll of vulnerability {unknown}
 O - a scroll of recharging
 S - a scroll of fear
Potions
 a - a potion of flight
 i - a potion of cancellation
 k - a potion of heal wounds
 D - 3 potions of lignification
 F - a potion of invisibility {unknown}
 H - a potion of berserk rage {unknown}
 J - a potion of might
 K - a potion of agility
 T - 5 potions of curing
 U - a potion of brilliance
Books
 h - the Grimoire of the Entourage
   (You found it on level 4 of the Orcish Mines)

   Spells                             Type                      Level
   a - Summon Lightning Spire         Summoning/Air                4
   b - Aura of Abjuration             Summoning                    5
   c - Summon Hydra                   Summoning                    7
Miscellaneous
 I - a fan of gales
Comestibles
 e - 14 bread rations
 q - 12 fruits
 Q - 2 slices of pizza


   Skills:
 + Level 4.3 Fighting
 - Level 1.0 Short Blades
 * Level 12.7 Slings
 + Level 4.8 Dodging
 + Level 13.2 Stealth
 * Level 13.0 Shields
 + Level 3.0 Spellcasting
 + Level 3.0 Charms
 + Level 3.6 Necromancy
 * Level 13.9 Invocations
 + Level 6.6 Evocations


You had 17 spell levels left.
You knew the following spells:

 Your Spells              Type           Power        Failure   Level  Hunger
a - Regeneration          Chrm/Necr      ##........   1%          3    ###....


Dungeon Overview and Level Annotations

Branches:
Dungeon (12/15)            Temple (1/1) D:4            Lair (7/8) D:9
 Shoals (0/4) Lair:4       Spider (0/4) Lair:5        Slime (0/6) Lair:6
    Orc (4/4) D:10            Elf (0/3) Orc:4

Altars:
Ashenzari
Cheibriados
Dithmenos
Elyvilon
Fedhas
Gozag
Kikubaaqudgha
Makhleb
Nemelex Xobeh
Okawaru
Qazlal
Ru
Sif Muna
Trog
Vehumet
Xom
Yredelemnul
Zin
The Shining One
Jiyva

Shops:
Orc:4 ([(([*=

Annotations:
D:12 Erolcha
Lair:6 1 runed door


Innate Abilities, Weirdness & Mutations

You cannot wear most types of armour.
You are amphibious.
You can wear up to eight rings at the same time.
You can use your tentacles to constrict eight enemies at once.
Your skin changes colour to match your surroundings (Stealth).
Your rubbery body absorbs attacks (AC +1).
You can breathe flames.
Your flesh is heat resistant.
Your muscles are strong. (Str +2)
Your spells are a little easier to cast, but a little less powerful.


Message History

* * * LOW HITPOINT WARNING * * *
Evoke which item? (* to show all) (? for menu, Esc to quit)
Zapping:
l - a wand of flame (will waste charges)
Press: ? - help, Shift-Dir - straight line, f/p - eight-headed hydra
Aim: an eight-headed hydra (severely wounded)
The puff of flame hits the eight-headed hydra.
The eight-headed hydra is almost dead.
Evoking this partially-identified wand wasted a few charges.
Your skill with magical items lets you calculate the power of this device...
This wand has 19 charges left.
You block the eight-headed hydra's attack.
The eight-headed hydra bites you!
* * * LOW HITPOINT WARNING * * *
The eight-headed hydra bites you.
* * * LOW HITPOINT WARNING * * *
The eight-headed hydra bites you.
* * * LOW HITPOINT WARNING * * *
The eight-headed hydra bites you!
You die...
Fedhas appreciates your contribution to the ecosystem.

**,*,,,,,,,,,,,,,,,,**,,**..
*,*,,...P.........(,,****...
***,,,.............,,,**.#$.
*,,*,#.........(..,,,,,....
*****#..........P(,,,,,....
######(...#....(.,,,,,.P..
#..........(.((.P,,,,,#...
###......#D.(.(....,,*,,....
#PP......#.@.(=####,.P,,....
##P......##......##..P.,#....
#..............##.....#*#...#
*#..P............##..#* #...#
###..#....<........#####.P.#
##*##..............##..P..
#...####..#...........
****#..#.##...............
****,#.#...#.#...............


You could see an eight-headed hydra.

Vanquished Creatures
  An orc warlord (Orc:4)
  Nessos (Volcano)
  An ogre mage (Orc:4)
  5 hydras
  Erica (D:8)
  A catoblepas (Lair:7)
  3 orc high priests (Orc:4)
  9 death yaks
  2 unseen horrors (D:10)
  A hill giant (D:9)
  Pikel (D:5)
  2 orc knights (Orc:4)
  4 orc sorcerers
  3 griffons
  3 ugly things
  A cyclops (Orc:4)
  4 black mambas
  A gargoyle (Volcano)
  A molten gargoyle (Volcano)
  10 spiny frogs
  10 fire drakes
  6 komodo dragons
  A yaktaur (Volcano)
  A two-headed ogre (Orc:2)
  2 trolls
  The ghost of WildSam the Chopper, an amateur DsSk of Ashenzari (D:5)
  11 blink frogs
  A boulder beetle (Lair:6)
  7 basilisks
  6 wyverns
  26 yaks
  4 fire bats (Lair:5)
  A wraith (D:11)
  9 hippogriffs
  4 wargs
  A vampire mosquito (D:12)
  7 wolves
  11 swamp worms (Lair:6)
  13 water moccasins
  2 hell hounds (Lair:7)
  26 orc warriors
  3 black bears
  A phantom (D:8)
  9 centaurs
  9 porcupines
  14 ogres
  2 big kobolds
  A brain worm (Lair:6)
  15 giant frogs
  7 crocodiles
  A wyvern skeleton (D:12)
  7 scorpions
  A lava snake (Volcano)
  2 crimson imps
  2 jellies
  3 electric eels
  14 orc priests
  3 centaur skeletons
  34 orc wizards
  A quasit (D:9)
  10 iguanas
  A giant frog skeleton (D:6)
  5 hounds
  5 worker ants
  13 sheep
  A hound skeleton (D:8)
  10 adders
  10 gnolls
  42 river rats
  2 oozes
  2 adder skeletons (D:8)
  10 worms
  145 orcs
  3 ball pythons
  6 bats
  7 giant cockroaches
  10 hobgoblins
  6 jackals
  14 kobolds
  8 quokkas
  2 giant geckos
  A giant gecko skeleton (D:9)
  3 giant newts
  12 goblins
  A jackal skeleton (D:4)
  9 rats
  3 ballistomycetes (Lair:7)
  2 giant spores
  2 hyperactive ballistomycetes
  A toadstool (D:10)
680 creatures vanquished.

Vanquished Creatures (collateral kills)
  An orc warlord (Orc:4)
  2 hydras
  The ghost of kguciosek the Cleaver, a journeyman GrBe of Trog (Orc:4)
  2 death yaks (Lair:6)
  An orc high priest (Orc:4)
  Urug (Orc:2)
  Nergalle (Orc:2)
  A wandering mushroom (D:12)
  An orc sorcerer (Orc:4)
  2 orc knights
  Maurice (D:8)
  2 black mambas
  A gargoyle (D:11)
  2 centaur skeletons
  2 komodo dragons
  2 spiny frogs
  A two-headed ogre (D:8)
  A tarantella (Lair:5)
  A centaur (Lair:4)
  10 yaks
  A hippogriff (Lair:6)
  A hungry ghost (D:11)
  3 wyverns
  2 vampire mosquitoes (D:12)
  A warg (Orc:4)
  9 wolves
  A swamp worm (Lair:6)
  5 orc warriors
  2 water moccasins
  A slave (D:5)
  A phantom (D:5)
  6 ogres
  An ice beast (D:7)
  A sky beast (D:5)
  A porcupine (Lair:1)
  A big kobold (D:11)
  A giant frog (D:10)
  8 wights
  A wyvern skeleton (D:10)
  4 crimson imps
  2 hounds
  10 orc priests
  A giant frog skeleton (D:11)
  8 orc wizards
  3 iguanas
  5 worker ants
  3 adders
  29 orcs
  2 hobgoblins (Orc:2)
  4 kobolds
  A giant spore (Lair:7)
  2 toadstools (Orc:4)
157 creatures vanquished.

Vanquished Creatures (others)
  2 wolves
  A necrophage (D:10)
  2 orc warriors (Orc:4)
  2 worker ant zombies
  An orc (D:4)
  30 wandering mushrooms
  4 ballistomycetes (Orc:4)
  A bush (Lair:7)
  74 fungi
  3 giant spores
  46 plants
  677 toadstools
843 creatures vanquished.

Grand Total: 1680 creatures vanquished

Notes
Turn   | Place    | Note
--------------------------------------------------------------
     0 | D:1      | M4edhros the Octopode Artificer began the quest for the Orb.
     0 | D:1      | Reached XP level 1. HP: 13/13 MP: 3/3
   148 | D:2      | Reached XP level 2. HP: 18/18 MP: 4/4
   174 | D:2      | Reached XP level 3. HP: 16/23 MP: 5/5
   311 | D:2      | Found a bloodstained altar of Trog.
   552 | D:4      | Found a blossoming altar of Fedhas.
   665 | D:4      | Reached XP level 4. HP: 20/28 MP: 6/6
   826 | D:4      | Noticed a scorpion
   838 | D:4      | Killed a scorpion
   838 | D:4      | Reached skill level 4 in Evocations
   876 | D:4      | Reached XP level 5. HP: 30/34 MP: 8/8
   893 | D:4      | Found a staircase to the Ecumenical Temple.
   909 | Temple   | Entered the Ecumenical Temple
  1290 | D:4      | Became a worshipper of Fedhas Madash
  1474 | D:2      | Reached skill level 1 in Shields
  1632 | D:2      | Reached skill level 1 in Invocations
  1879 | D:2      | Reached * piety under Fedhas
  2419 | D:1      | Reached XP level 6. HP: 39/39 MP: 9/9
  2895 | D:3      | Reached skill level 1 in Slings
  3055 | D:3      | Reached ** piety under Fedhas
  3740 | D:4      | Noticed an ogre
  3747 | D:4      | Killed an ogre
  3747 | D:4      | Reached XP level 7. HP: 35/45 MP: 10/10
  4212 | D:5      | Entered Level 5 of the Dungeon
  4347 | D:5      | Found a white marble altar of Elyvilon.
  4400 | D:5      | Noticed WildSam's ghost (amateur DsSk)
  4421 | D:5      | Killed WildSam's ghost
  4451 | D:5      | Noticed Pikel
  4466 | D:5      | Killed Pikel
  4466 | D:5      | Reached skill level 5 in Evocations
  4466 | D:5      | Reached XP level 8. HP: 45/50 MP: 8/11
  4547 | D:5      | Reached skill level 5 in Stealth
  4569 | D:5      | Gained mutation: You can breathe flames. [mutagenic meat]
  4570 | D:5      | Gained mutation: Your muscles are strong. (Str +2) [mutagenic meat]
  4572 | D:5      | Gained mutation: You are dopey. (Int -2) [mutagenic meat]
  4573 | D:5      | Lost mutation: You are dopey. (Int -2) [mutagenic meat]
  4574 | D:5      | Gained mutation: Your spells are a little easier to cast, but a little less powerful. [mutagenic meat]
  4608 | D:5      | Found a stormy altar of Qazlal.
  4610 | D:5      | Noticed an air elemental
  4611 | D:5      | Noticed a water elemental
  4611 | D:5      | Noticed a fire elemental
  5042 | D:6      | Reached skill level 5 in Invocations
  5142 | D:6      | Found a shadowy altar of Dithmenos.
  5384 | D:6      | Reached *** piety under Fedhas
  5651 | D:6      | Found a sparkling altar of Nemelex Xobeh.
  5651 | D:6      | Found an iron altar of Okawaru.
  5752 | D:7      | Reached skill level 5 in Shields
  5810 | D:7      | Reached skill level 6 in Stealth
  5810 | D:7      | Reached XP level 9. HP: 54/54 MP: 13/13
  5827 | D:7      | Found a snail-covered altar of Cheibriados.
  5830 | D:7      | Found a burning altar of Makhleb.
  6506 | D:8      | Reached skill level 5 in Slings
  6507 | D:8      | Found a deep blue altar of Sif Muna.
  6582 | D:8      | Noticed a centaur skeleton
  6588 | D:8      | Killed a centaur skeleton
  6858 | D:8      | Noticed Maurice
  6909 | D:8      | Killed Maurice
  7119 | D:8      | Noticed Erica
  7154 | D:8      | Reached skill level 7 in Stealth
  7374 | D:8      | Killed Erica
  7374 | D:8      | Reached XP level 10. HP: 60/60 MP: 15/15
  7676 | D:9      | Reached skill level 8 in Stealth
  7683 | D:9      | Found a sacrificial altar of Ru.
  7853 | D:9      | Found a shattered altar of Ashenzari.
  8000 | D:9      | Found a glowing golden altar of the Shining One.
  8140 | D:9      | Found a staircase to the Lair.
  8405 | D:9      | Got an ancient hand axe
  8411 | D:9      | Found a shimmering altar of Xom.
  8582 | D:10     | Entered Level 10 of the Dungeon
  8582 | D:10     | Noticed a hill giant
  8619 | D:9      | Noticed a cyan ugly thing
  8672 | D:9      | Killed a hill giant
  8713 | D:9      | Killed a cyan ugly thing
  8713 | D:9      | Reached skill level 9 in Invocations
  8797 | D:9      | Identified the +8 hand axe "Hanui" {chop, -Tele Str+8 Int+3} (You found it on level 9 of the Dungeon)
  9008 | D:10     | Got a pitted battleaxe
  9154 | D:10     | Reached **** piety under Fedhas
  9184 | D:10     | Reached XP level 11. HP: 30/64 MP: 10/17
  9219 | D:10     | Found a staircase to the Orcish Mines.
  9585 | D:10     | Noticed an unseen horror
  9612 | D:10     | Killed an unseen horror
  9759 | D:11     | Reached skill level 10 in Invocations
  9791 | D:10     | Noticed an unseen horror
  9806 | D:10     | Killed an unseen horror
 10467 | D:11     | Found a sparkling altar of Nemelex Xobeh.
 11250 | D:12     | Noticed an eight-headed hydra
 11355 | D:12     | Killed an eight-headed hydra
 11355 | D:12     | Reached skill level 10 in Stealth
 11444 | D:12     | Noticed Erolcha
 11526 | Lair:1   | Entered Level 1 of the Lair of Beasts
 11830 | Lair:1   | Reached XP level 12. HP: 60/70 MP: 20/20
 12532 | Lair:1   | Got a steaming arbalest
 12744 | Lair:2   | Reached skill level 10 in Shields
 12744 | Lair:2   | Reached skill level 11 in Invocations
 12978 | Lair:2   | Identified the +3 arbalest of the Goat {velocity, rPois MR+ Dex+2} (You found it on level 1 of the Lair of Beasts)
 13128 | Lair:2   | Got a warped hunting sling
 13129 | Lair:2   | Identified the +6 hunting sling of Fear {velocity, Int+4 Dex+5} (You found it on level 2 of the Lair of Beasts)
 13246 | Lair:2   | Noticed an eight-headed hydra
 13263 | Lair:2   | Killed an eight-headed hydra
 13263 | Lair:2   | Reached skill level 10 in Slings
 13510 | Lair:3   | Noticed a five-headed hydra
 13536 | Lair:3   | Killed a five-headed hydra
 13783 | Lair:3   | Found a radiant altar of Vehumet.
 14673 | Lair:4   | Noticed an eight-headed hydra
 14690 | Lair:4   | Killed an eight-headed hydra
 14841 | Lair:4   | Reached skill level 12 in Invocations
 14851 | Lair:4   | Found a staircase to the Shoals.
 14918 | Lair:4   | Reached XP level 13. HP: 53/74 MP: 22/22
 15243 | Lair:4   | Gained mutation: Your flesh is heat resistant. [potion of beneficial mutation]
 15725 | Lair:5   | Found a hole to the Spider Nest.
 15800 | Lair:5   | Reached ***** piety under Fedhas
 17390 | Lair:6   | Learned a level 3 spell: Regeneration
 17459 | Lair:6   | Reached skill level 13 in Invocations
 17702 | Lair:6   | Found a runed door.
 17702 | Lair:6   | Found a viscous altar of Jiyva.
 17702 | Lair:6   | Found a staircase to the Slime Pits.
 18327 | Orc:1    | Entered Level 1 of the Orcish Mines
 18366 | Orc:1    | Reached skill level 1 in Spellcasting
 18791 | Orc:2    | Found a shimmering altar of Xom.
 18797 | Orc:2    | Noticed Nergalle
 19103 | Orc:2    | Reached skill level 1 in Necromancy
 19300 | Orc:2    | Killed Nergalle
 19314 | Orc:2    | Noticed Urug
 19329 | Orc:2    | Killed Urug
 19521 | Orc:2    | Reached ****** piety under Fedhas
 20036 | Orc:4    | Entered Level 4 of the Orcish Mines
 20053 | Orc:4    | Noticed an orc warlord
 20455 | Orc:3    | Reached XP level 14. HP: 81/81 MP: 23/23
 20916 | Orc:4    | Found Wuddeoxu's Antique Armour Emporium.
 20940 | Orc:4    | Noticed kguciosek's ghost (journeyman GrBe)
 20983 | Orc:4    | Killed kguciosek's ghost
 20991 | Orc:4    | Killed an orc warlord
 21061 | Orc:4    | Found a staircase to the Elven Halls.
 21061 | Orc:4    | Found Iqan's Antique Weapon Boutique.
 21104 | Orc:4    | Bought a crystal greatsling for 620 gold pieces
 21104 | Orc:4    | Identified the cursed +1 greatsling "Icresh" {freeze, +Inv rElec rF+++ Str-4} (You bought it in a shop on level 4 of the Orcish Mines)
 21662 | Orc:4    | Found Yhaso's Antique Weapon Shop.
 21863 | Orc:4    | Identified the Grimoire of the Entourage
 22027 | Orc:4    | Reached skill level 1 in Charms
 22832 | Orc:4    | Noticed an orc warlord
 22885 | Orc:4    | Killed an orc warlord
 23110 | Orc:4    | Found Upatrisch's Antique Armour Emporium.
 23111 | Orc:4    | Found Lefeacel's Antique Weapon Shoppe.
 23112 | Orc:4    | Found Rol Ysaf's General Store.
 23112 | Orc:4    | Found Igae's Jewellery Emporium.
 23127 | Orc:4    | Bought a runed hunting sling for 46 gold pieces
 23141 | Orc:4    | Bought the ring of Othrat {Wiz Dex+7 Stlth-} for 804 gold pieces
 24158 | Lair:7   | Found a dark tunnel.
 24171 | Volcano  | Entered a volcano
 24486 | Volcano  | Found a burning altar of Makhleb.
 24486 | Volcano  | Noticed Nessos
 24502 | Volcano  | Killed Nessos
 24505 | Volcano  | HP: 4/83 [yaktaur/bolt of flame (4)]
 25629 | Lair:7   | Reached XP level 15. HP: 42/90 MP: 19/25
 26355 | Lair:7   | Slain by an eight-headed hydra

Vault maps used:
D:1:      sevenhm_arrival_forest_fort_small_4
D:2:      wad_pebble_path, lemuel_doored_altar, first_bread, minmay_vboxes
D:4:      lemuel_crystal_altar, minmay_temple_entry_purple_smoke
D:5:      overflow_temple_1_default, minmay_misc_feat_plants,
          nicolae_qazlal_style_of_elements, uniq_pikel
D:6:      grunt_dithmenos_smoke, gammafunk_temple_overflow_wave
D:7:      minitemple
D:8:      old_standard_altar, uniq_maurice, uniq_erica
D:9:      evilmike_ruin_ashenzari, nicolae_ru_sacrificial_ziggurat,
          kennysheep_little_box, tgw_xom, david_lair_shrubbed
D:10:     hiddenorc1_lemuel
D:11:     basic_altar
D:12:     uniq_maud, uniq_erolcha
Temple:   circular_temple_6
Lair:1:   nicolae_quartered_pool_medium
Lair:3:   lemuel_oklob_altar
Lair:4:   minmay_shoals_entry_centaurs
Lair:5:   spider_nest_entry_rubble, lemuel_another_geyser
Lair:6:   slime_altar_2, worms_lemuel, serial_bayou_shore_a, grunt_megastairs_4
Lair:7:   enter_volcano_3, special_room, serial_bayou_pond_b,
          hibernation_bobbens
Orc:2:    cheibrodos_orc_bank, basic_altar, uniq_rupert, uniq_urug, uniq_sonja,
          uniq_nergalle
Orc:3:    nicolae_orc_pool_cavern
Orc:4:    st_orc_congregation, serial_shops, shop, shop, shop, mines4_lemuel
Volcano:  volcano_lake

Action                   |  1- 3 |  4- 6 |  7- 9 | 10-12 | 13-15 || total
-------------------------+-------+-------+-------+-------+-------++-------
Melee: Short sword       |    40 |    17 |    13 |    25 |     1 ||    96
       Dagger            |       |    27 |    44 |       |       ||    71
       Hunting sling     |       |     1 |       |       |       ||     1
       Hand axe          |       |       |       |     2 |       ||     2
 Fire: Hunting sling     |       |   129 |   264 |   987 |  1700 ||  3080
       Greatsling        |       |       |       |       |    20 ||    20
 Cast: Regeneration      |       |       |       |       |     2 ||     2
Invok: Evolution         |       |       |     4 |    15 |    17 ||    36
       Sunlight          |       |       |     4 |    16 |    29 ||    49
       Reproduction      |       |       |       |       |     3 ||     3
 Abil: Breathe Fire      |       |       |     1 |       |       ||     1
Evoke: Wand              |     1 |    15 |     3 |    15 |    22 ||    56
       Fan of gales      |       |       |       |     1 |       ||     1
  Use: Scroll            |       |     7 |     5 |     5 |     9 ||    26
       Potion            |       |     1 |     3 |     3 |    11 ||    18
 Stab: Sleeping          |    10 |     7 |     6 |     5 |       ||    28
  Eat: Meat ration       |       |     2 |       |     3 |     2 ||     7
       Chunk             |       |       |    15 |     7 |    18 ||    40
       Beef jerky        |       |       |     1 |     3 |       ||     4
       Pizza             |       |       |       |     1 |       ||     1
       Bread ration      |       |       |       |       |     1 ||     1
